New Jersey Devils vs Colorado Avalanche

Created - mardi, 7 novembre 2023 at 19:00

Goals
1 2 3 T
New Jersey Devils 1 0 1 2
Colorado Avalanche 1 2 2 5
Shots
1 2 3 T
New Jersey Devils 12 7 13 32
Colorado Avalanche 14 13 14 41

1st period

1. Colorado Avalanche , Tim Stutzle 8 (Brandon Saad 5) at 4:48
2. New Jersey Devils , Carson Soucy 1 (Jesper Bratt 10, Ryan Pulock 6) at 16:40

Penalties :
Ryan Pulock (NJD) for Hooking (Minor) at 1:03

2nd period

3. Colorado Avalanche , Tim Stutzle 9 (Nathan MacKinnon 9) at 5:46
4. Colorado Avalanche , Andrew Copp 3 (Gustav Forsling 7, Owen Power 5) at 7:38

Penalties :
Kevin Bahl (NJD) for Holding (Minor) at 15:36

3rd period

5. New Jersey Devils , Yegor Sharangovich 1 (Ryan Pulock 7, Tyler Motte 2) at 1:22
6. Colorado Avalanche , Nazem Kadri 4 (Hampus Lindholm 6) at 14:35
7. Colorado Avalanche , Nazem Kadri 5 (Nathan MacKinnon 10, Owen Power 6) at 17:58 (PP)

Penalties :
Eeli Tolvanen (COL) for Hooking (Minor) at 5:04, Damon Severson (NJD) for Roughing (Minor) at 5:04, Nick Holden (COL) for Slashing (Minor) at 10:31, Carson Soucy (NJD) for Tripping (Minor) at 17:26

Goalie Stats

John Gibson (NJD), 36 saves from 41 shots - (0.878), L, 2-3-1, 60:00 minutes
Casey DeSmith (COL), 30 saves from 32 shots - (0.938), W, 1-0-0, 60:00 minutes

Players Stats for New Jersey Devils

Player Name              G  A  P  +/- PIM S  H  SB GA TA FO     MP     PP MP  PK MP  
------------------------------------------------------------------------------------
Blake Coleman            0  0  0  -1  0   3  1  1  0  0  1/2    15:39   0:00   2:21 
Carson Soucy             1  0  1   1  2   4  1  1  0  0  0/0    18:34   0:33   1:13 
Damon Severson           0  0  0  -1  2   0  1  1  0  0  0/0    20:46   0:34   1:39 
Elias Lindholm           0  0  0   0  0   2  1  0  0  0  8/21   16:31   1:02   0:00 
Erik Haula               0  0  0  -1  0   4  1  0  0  0  7/21   15:39   0:00   2:21 
Jesper Bratt             0  1  1  -1  0   3  2  0  0  0  2/3    16:11   0:57   0:00 
Kevin Bahl               0  0  0  -1  2   2  0  0  0  0  0/0    18:42   0:28   1:13 
Kyle Palmieri            0  0  0  -1  0   2  2  0  0  0  2/4    14:20   1:02   0:00 
Lawson Crouse            0  0  0   0  0   1  1  1  0  0  0/1    16:31   1:02   0:00 
Lucas Raymond            0  0  0   0  0   2  0  0  0  0  0/1    15:26   0:57   0:00 
Mark Giordano            0  0  0  -2  0   0  0  0  0  0  0/0    20:09   0:34   2:19 
Miles Wood               0  0  0   0  0   0  1  0  0  0  0/0     9:42   0:00   0:00 
Nico Hischier            0  0  0  -1  0   4  0  0  0  0  10/20  17:24   0:57   0:00 
Oliver Bjorkstrand       0  0  0  -1  0   1  1  0  0  0  0/0    14:03   0:00   0:00 
Ryan Pulock              0  2  2   1  2   0  0  1  0  0  0/0    21:16   0:57   1:36 
Timothy Liljegren        0  0  0  -2  0   0  1  1  0  0  0/0    18:52   0:52   1:00 
Tyler Motte              0  1  1   0  0   1  0  0  0  0  6/14   11:51   0:00   2:09 
Yegor Sharangovich       1  0  1   0  0   3  0  1  0  0  0/3    11:51   0:00   2:09 

Players Stats for Colorado Avalanche

Player Name              G  A  P  +/- PIM S  H  SB GA TA FO     MP     PP MP  PK MP  
------------------------------------------------------------------------------------
Alex Belzile             0  0  0   0  0   2  0  0  0  0  0/0     9:14   0:00   0:00 
Andrew Copp              1  0  1   0  0   1  0  0  0  0  1/1    12:49   0:06   0:44 
Brandon Saad             0  1  1   1  0   0  0  0  0  0  0/0    16:59   1:13   0:00 
David Krejci             0  0  0   1  0   2  0  0  0  0  15/25  17:10   1:51   0:00 
Denis Malgin             0  0  0   0  0   2  0  0  0  0  0/0     9:14   0:00   0:00 
Eeli Tolvanen            0  0  0   0  2   3  1  0  0  0  0/0    11:58   0:00   0:00 
Gustav Forsling          0  1  1   1  0   2  2  2  0  0  0/0    23:01   1:37   1:17 
Hampus Lindholm          0  1  1   1  0   0  3  1  0  0  0/0    19:32   0:30   1:08 
J.T. Compher             0  0  0   1  0   3  2  0  0  0  2/3    18:24   2:21   0:44 
Lars Eller               0  0  0   0  0   1  2  0  0  0  6/13   10:08   0:00   0:54 
Nathan MacKinnon         0  2  2   1  0   5  0  0  0  0  12/26  20:18   2:39   0:24 
Nazem Kadri              2  0  2   1  0   6  1  0  0  0  1/1    16:50   2:17   0:00 
Nick Holden              0  0  0   0  2   1  3  1  0  0  0/0    15:47   0:00   0:00 
Owen Power               0  2  2   1  0   0  0  1  0  0  0/0    23:34   2:45   1:00 
Paul Stastny             0  0  0   0  0   3  0  0  0  0  15/18  14:06   2:23   0:00 
Ryan Graves              0  0  0   1  0   1  0  2  0  0  0/0    16:58   0:00   0:03 
Tim Stutzle              2  0  2   1  0   9  0  0  0  0  2/3    21:17   3:03   1:15 
Tyson Barrie             0  0  0   0  0   0  2  1  0  0  0/0    18:41   1:45   0:27 

3 Stars

1 - Nazem Kadri (COL)
2 - Tim Stutzle (COL)
3 - Owen Power (COL)

Power Play

New Jersey Devils - 0 on 1 Attempt(s) - 0.00%
Colorado Avalanche - 1 on 3 Attempt(s) - 33.33%

Penalty Kill

New Jersey Devils - 2 on 3 Attempt(s) - 66.67% - Score 0 goal in Penalty Kill
Colorado Avalanche - 1 on 1 Attempt(s) - 100.00% - Score 0 goal in Penalty Kill

Team Stat

New Jersey Devils - Hits : 13 - Faceoff Wins : 36 - Blocked Shots : 7 - Penalty Minutes : 8
Colorado Avalanche - Hits : 16 - Faceoff Wins : 54 - Blocked Shots : 8 - Penalty Minutes : 4

Official

Referees : Wes McCauley and Graham Skilliter
Linesman : Julien Fournier and Andrew Smith

Game Notes

No Game Note

Finance

Level 1 -- Attendance: 9747 (97.47%) -- Ticket Income $ 877 230
Level 2 -- Attendance: 1808 (90.40%) -- Ticket Income $ 135 600
Level 3 -- Attendance: 2882 (82.34%) -- Ticket Income $ 129 690
Level 4 -- Attendance: 1450 (100.00%) -- Ticket Income $ 43 500
Luxury Box -- Attendance: 50 (100.00%) -- Ticket Income $ 11 000
Game was played at the Pepsi Center.
Total Attendance: 15937 (93.75%)
Total Ticket Income: $ 1 197 020
Total Income: $ 1 197 020

New Jersey Devils

5 vs 5 Forward 
   Center                   Left Wing                Right Wing               Time % Phy DF OF 
 1 Nico Hischier            Jesper Bratt             Oliver Bjorkstrand       28     1   2  2  
 2 Elias Lindholm           Lawson Crouse            Lucas Raymond            28     1   2  2  
 3 Erik Haula               Kyle Palmieri            Blake Coleman            26     1   2  2  
 4 Tyler Motte              Yegor Sharangovich       Miles Wood               18     1   3  1  

5 vs 5 Defense 
   Defense                  Defense                                           Time % Phy DF OF 
 1 Kevin Bahl               Damon Severson                                    33     1   3  1  
 2 Ryan Pulock              Carson Soucy                                      33     1   3  1  
 3 Mark Giordano            Timothy Liljegren                                 33     1   3  1  
 4 Ryan Pulock              Damon Severson                                    1      1   3  1  

PowerPlay Forward 
   Center                   Left Wing                Right Wing               Time % Phy DF OF 
 1 Nico Hischier            Jesper Bratt             Lucas Raymond            50     0   0  5  
 2 Elias Lindholm           Lawson Crouse            Kyle Palmieri            50     0   0  5  

PowerPlay Defense
   Defense                  Defense                                           Time % Phy DF OF 
 1 Mark Giordano            Damon Severson                                    50     0   1  4  
 2 Ryan Pulock              Timothy Liljegren                                 50     0   1  4  

Penalty Kill 4 Players Forward 
   Center                   Wing                     Time % Phy DF OF 
 1 Erik Haula               Blake Coleman            50     0   5  0  
 2 Tyler Motte              Yegor Sharangovich       50     0   5  0  

Penalty Kill 4 Players Defense
   Defense                  Defense                  Time % Phy DF OF 
 1 Ryan Pulock              Kevin Bahl               50     0   5  0  
 2 Mark Giordano            Carson Soucy             50     0   5  0  

Penalty Kill - 3 Players Forward 
   Forward                                           Time % Phy DF OF 
 1 Erik Haula                                        50     0   5  0  
 2 Tyler Motte                                       50     0   5  0  

Penalty Kill - 3 Players Defense
   Defense                  Defense                  Time % Phy DF OF 
 1 Kevin Bahl               Damon Severson           50     0   5  0  
 2 Ryan Pulock              Mark Giordano            50     0   5  0  

4 vs 4 Forward 
   Center                   Wing                     Time % Phy DF OF 
 1 Nico Hischier            Jesper Bratt             50     1   2  2  
 2 Elias Lindholm           Lawson Crouse            50     1   2  2  

4 vs 4 Defense
   Defense                  Defense                  Time % Phy DF OF 
 1 Timothy Liljegren        Damon Severson           50     1   2  2  
 2 Ryan Pulock              Mark Giordano            50     1   2  2  

Last Minutes Offensive
   Center                   Left Wing                Right Wing               Defense                  Defense                  
   Nico Hischier            Jesper Bratt             Elias Lindholm           Ryan Pulock              Damon Severson           

Last Minutes Defensive
   Center                   Left Wing                Right Wing               Defense                  Defense                  
   Nico Hischier            Erik Haula               Elias Lindholm           Damon Severson           Mark Giordano            

Goaltenders
Starting : John Gibson              
Backup : Cam Talbot               

Extra Forwards
Normal : Jesper Bratt, Elias Lindholm, Lucas Raymond - PP : Jesper Bratt, Elias Lindholm - PK : Erik Haula
Extra Defensemen
Normal : Damon Severson, Ryan Pulock, Mark Giordano - PP : Damon Severson - PK : Damon Severson, Ryan Pulock
Penalty Shots
Nico Hischier, Kyle Palmieri, Jesper Bratt, Yegor Sharangovich, Lawson Crouse
Custom OT Lines Forwards
Nico Hischier, Jesper Bratt, Elias Lindholm, Kyle Palmieri, Lawson Crouse, Oliver Bjorkstrand, Erik Haula, Lucas Raymond, Tyler Motte, Yegor Sharangovich
Custom OT Lines Defensemen
Carson Soucy, Damon Severson, Ryan Pulock, Mark Giordano, Timothy Liljegren

Scratches
Jaccob Slavin (Head Injury), Michael McLeod (Healthy), Boris Katchouk (Healthy)

Colorado Avalanche

5 vs 5 Forward 
   Center                   Left Wing                Right Wing               Time % Phy DF OF 
 1 Nathan MacKinnon         Brandon Saad             Tim Stutzle              32     0   2  3  
 2 David Krejci             Nazem Kadri              J.T. Compher             30     0   2  3  
 3 Paul Stastny             Eeli Tolvanen            Andrew Copp              23     0   3  2  
 4 Lars Eller               Denis Malgin             Alex Belzile             15     0   4  1  

5 vs 5 Defense 
   Defense                  Defense                                           Time % Phy DF OF 
 1 Gustav Forsling          Owen Power                                        33     0   2  3  
 2 Hampus Lindholm          Ryan Graves                                       33     0   3  2  
 3 Nick Holden              Tyson Barrie                                      29     0   3  2  
 4 Gustav Forsling          Owen Power                                        5      0   2  3  

PowerPlay Forward 
   Center                   Left Wing                Right Wing               Time % Phy DF OF 
 1 Nathan MacKinnon         Nazem Kadri              Tim Stutzle              50     0   0  5  
 2 David Krejci             Brandon Saad             J.T. Compher             50     0   0  5  

PowerPlay Defense
   Defense                  Defense                                           Time % Phy DF OF 
 1 Gustav Forsling          Tyson Barrie                                      50     0   1  4  
 2 Owen Power               Paul Stastny                                      50     0   1  4  

Penalty Kill 4 Players Forward 
   Center                   Wing                     Time % Phy DF OF 
 1 J.T. Compher             Andrew Copp              50     0   4  1  
 2 Lars Eller               Tim Stutzle              50     0   4  1  

Penalty Kill 4 Players Defense
   Defense                  Defense                  Time % Phy DF OF 
 1 Gustav Forsling          Hampus Lindholm          50     0   5  0  
 2 Owen Power               Nick Holden              50     0   5  0  

Penalty Kill - 3 Players Forward 
   Forward                                           Time % Phy DF OF 
 1 J.T. Compher                                      50     0   4  1  
 2 Lars Eller                                        50     0   4  1  

Penalty Kill - 3 Players Defense
   Defense                  Defense                  Time % Phy DF OF 
 1 Gustav Forsling          Hampus Lindholm          50     0   5  0  
 2 Owen Power               Nick Holden              50     0   5  0  

4 vs 4 Forward 
   Center                   Wing                     Time % Phy DF OF 
 1 Nathan MacKinnon         Tim Stutzle              50     0   1  4  
 2 David Krejci             J.T. Compher             50     0   2  3  

4 vs 4 Defense
   Defense                  Defense                  Time % Phy DF OF 
 1 Gustav Forsling          Owen Power               50     0   2  3  
 2 Hampus Lindholm          Tyson Barrie             50     0   2  3  

Last Minutes Offensive
   Center                   Left Wing                Right Wing               Defense                  Defense                  
   Nathan MacKinnon         Nazem Kadri              Tim Stutzle              Gustav Forsling          Hampus Lindholm          

Last Minutes Defensive
   Center                   Left Wing                Right Wing               Defense                  Defense                  
   J.T. Compher             Andrew Copp              Tim Stutzle              Gustav Forsling          Hampus Lindholm          

Goaltenders
Starting : Casey DeSmith            
Backup : Semyon Varlamov          

Extra Forwards
Normal : Nathan MacKinnon, Tim Stutzle, Nazem Kadri - PP : Nathan MacKinnon, Tim Stutzle - PK : J.T. Compher
Extra Defensemen
Normal : Gustav Forsling, Hampus Lindholm, Owen Power - PP : Gustav Forsling - PK : Gustav Forsling, Hampus Lindholm
Penalty Shots
Nathan MacKinnon, Tim Stutzle, Nazem Kadri, Brandon Saad, David Krejci
Custom OT Lines Forwards
Nathan MacKinnon, Nazem Kadri, Tim Stutzle, David Krejci, Brandon Saad, J.T. Compher, Paul Stastny, Eeli Tolvanen, Andrew Copp, Lars Eller
Custom OT Lines Defensemen
Gustav Forsling, Hampus Lindholm, Owen Power, Tyson Barrie, Ryan Graves

Scratches
Jesse Puljujarvi (Healthy), Jack Johnson (Healthy), Pavel Francouz (Healthy)

% Time on Ice - New Jersey Devils

Lines # - Real PCT - Wanted PCT - Time Play
Normal Forward
1 - 27% - 28% - 14:03
2 - 28% - 28% - 14:29
3 - 26% - 26% - 13:18
4 - 19% - 18% - 9:42
Normal Defense
1 - 32% - 33% - 16:24
2 - 32% - 33% - 16:21
3 - 31% - 33% - 16:03
4 - 5% - 1% - 2:44
PP Forward
1 - 48% - 50% - 0:57
2 - 52% - 50% - 1:02
PP Defense
1 - 29% - 50% - 0:34
2 - 71% - 50% - 1:25
PK Forward
1 - 52% - 50% - 2:21
2 - 48% - 50% - 2:09
PK Defense
1 - 73% - 50% - 3:17
2 - 27% - 50% - 1:13
PK3 Forward
1 - 0% - 50%
2 - 0% - 50%
PK3 Defense
1 - 0% - 50%
2 - 0% - 50%
44 Forward
1 - 50% - 50% - 0:59
2 - 50% - 50% - 1:00
44 Defense
1 - 77% - 50% - 1:32
2 - 23% - 50% - 0:27
Last Minute Offensive  - 0:00
Last Minute Defensive  - 0:00
Total
Forward - 60:00
Defense - 60:00

% Time on Ice - Colorado Avalanche

Lines # - Real PCT - Wanted PCT - Time Play
Normal Forward
1 - 31% - 32% - 15:46
2 - 28% - 30% - 14:33
3 - 23% - 23% - 11:59
4 - 18% - 15% - 9:14
Normal Defense
1 - 33% - 33% - 16:56
2 - 33% - 33% - 16:55
3 - 31% - 29% - 15:48
4 - 4% - 5% - 1:53
PP Forward
1 - 59% - 50% - 2:39
2 - 41% - 50% - 1:51
PP Defense
1 - 47% - 50% - 2:07
2 - 53% - 50% - 2:23
PK Forward
1 - 37% - 50% - 0:44
2 - 63% - 50% - 1:15
PK Defense
1 - 47% - 50% - 0:56
2 - 53% - 50% - 1:03
PK3 Forward
1 - 0% - 50%
2 - 0% - 50%
PK3 Defense
1 - 0% - 50%
2 - 0% - 50%
44 Forward
1 - 61% - 50% - 1:13
2 - 39% - 50% - 0:46
44 Defense
1 - 50% - 50% - 1:00
2 - 50% - 50% - 0:59
Last Minute Offensive  - 0:00
Last Minute Defensive  - 0:00
Total
Forward - 60:00
Defense - 60:00

Play-by-Play

1st period


0:01 of 1st period - Nathan MacKinnon wins face-off versus Nico Hischier in neutral zone.
1:03 of 1st period - Minor Penalty to Ryan Pulock for Hooking.
1:04 of 1st period - David Krejci wins face-off versus Erik Haula in New Jersey Devils zone.
1:09 of 1st period - Shot by David Krejci.
1:09 of 1st period - Shot Misses the Net.
1:11 of 1st period - Shot by J.T. Compher.
1:11 of 1st period - Stopped by John Gibson without a rebound.
1:12 of 1st period - Nathan MacKinnon wins face-off versus Yegor Sharangovich in New Jersey Devils zone.
1:23 of 1st period - Shot by Nazem Kadri.
1:23 of 1st period - Shot Misses the Net.
1:25 of 1st period - Shot by Nathan MacKinnon.
1:25 of 1st period - Stopped by John Gibson without a rebound.
1:26 of 1st period - Tyler Motte wins face-off versus David Krejci in New Jersey Devils zone.
1:26 of 1st period - Tyler Motte is hit by J.T. Compher.
2:26 of 1st period - Shot by Nathan MacKinnon.
2:26 of 1st period - Shot Misses the Net.
2:38 of 1st period - Shot by J.T. Compher.
2:38 of 1st period - Stopped by John Gibson without a rebound.
2:39 of 1st period - David Krejci wins face-off versus Tyler Motte in New Jersey Devils zone.
3:09 of 1st period - Elias Lindholm is hit by Hampus Lindholm and loses puck.
3:28 of 1st period - Shot by Lars Eller.
3:28 of 1st period - Shot Blocked by Carson Soucy.
3:30 of 1st period - Shot by Denis Malgin.
3:30 of 1st period - Deflect By Alex Belzile.
3:30 of 1st period - Stopped by John Gibson with a rebound.
3:32 of 1st period - Shot by Hampus Lindholm.
3:32 of 1st period - Shot Misses the Net.
3:34 of 1st period - Shot by Lars Eller.
3:34 of 1st period - Deflect By Denis Malgin.
3:34 of 1st period - Stopped by John Gibson with a rebound.
3:54 of 1st period - Shot by Eeli Tolvanen.
3:54 of 1st period - Stopped by John Gibson without a rebound.
3:55 of 1st period - David Krejci wins face-off versus Kyle Palmieri in New Jersey Devils zone.
4:23 of 1st period - Kyle Palmieri is hit by Tyson Barrie and loses puck.
4:31 of 1st period - Icing by Nick Holden.
4:32 of 1st period - David Krejci wins face-off versus Nico Hischier in Colorado Avalanche zone.
4:32 of 1st period - David Krejci is hit by Jesper Bratt.
4:48 of 1st period - Shot by Tim Stutzle.
4:48 of 1st period - Goal by Tim Stutzle - New Jersey Devils : 0 - Colorado Avalanche : 1.
4:49 of 1st period - Paul Stastny wins face-off versus Tyler Motte in neutral zone.
5:16 of 1st period - Icing by Hampus Lindholm.
5:17 of 1st period - Paul Stastny wins face-off versus Elias Lindholm in Colorado Avalanche zone.
5:17 of 1st period - Paul Stastny is hit by Elias Lindholm.
5:41 of 1st period - Owen Power is hit by Lawson Crouse.
5:46 of 1st period - Off-side.
5:47 of 1st period - Erik Haula wins face-off versus Lars Eller in neutral zone.
5:58 of 1st period - Shot by Kyle Palmieri.
5:58 of 1st period - Stopped by Casey DeSmith without a rebound.
5:59 of 1st period - Nathan MacKinnon wins face-off versus Tyler Motte in Colorado Avalanche zone.
7:15 of 1st period - Shot by David Krejci.
7:15 of 1st period - Stopped by John Gibson without a rebound.
7:16 of 1st period - Paul Stastny wins face-off versus Nico Hischier in New Jersey Devils zone.
7:27 of 1st period - Shot by Nico Hischier.
7:27 of 1st period - Stopped by Casey DeSmith without a rebound.
7:28 of 1st period - Elias Lindholm wins face-off versus Lars Eller in Colorado Avalanche zone.
7:33 of 1st period - Shot by Lucas Raymond.
7:33 of 1st period - Shot Misses the Net.
8:15 of 1st period - Icing by Kevin Bahl.
8:16 of 1st period - David Krejci wins face-off versus Erik Haula in New Jersey Devils zone.
8:17 of 1st period - Shot by Nazem Kadri.
8:17 of 1st period - Stopped by John Gibson without a rebound.
8:18 of 1st period - Nico Hischier wins face-off versus David Krejci in New Jersey Devils zone.
8:22 of 1st period - Oliver Bjorkstrand is hit by Nick Holden and loses puck.
8:41 of 1st period - Shot by Jesper Bratt.
8:41 of 1st period - Stopped by Casey DeSmith without a rebound.
8:42 of 1st period - Nathan MacKinnon wins face-off versus Erik Haula in Colorado Avalanche zone.
8:42 of 1st period - Nathan MacKinnon is hit by Erik Haula.
8:50 of 1st period - Shot by Owen Power.
8:50 of 1st period - Shot Blocked by Blake Coleman.
8:58 of 1st period - Shot by Erik Haula.
8:58 of 1st period - Shot Misses the Net.
9:00 of 1st period - Shot by Kevin Bahl.
9:00 of 1st period - Stopped by Casey DeSmith without a rebound.
9:01 of 1st period - Paul Stastny wins face-off versus Elias Lindholm in Colorado Avalanche zone.
10:15 of 1st period - Icing by Nick Holden.
10:16 of 1st period - Nazem Kadri wins face-off versus Erik Haula in Colorado Avalanche zone.
10:50 of 1st period - Shot by Tim Stutzle.
10:50 of 1st period - Stopped by John Gibson without a rebound.
10:51 of 1st period - Nico Hischier wins face-off versus Lars Eller in New Jersey Devils zone.
10:51 of 1st period - Nico Hischier is hit by Lars Eller.
11:05 of 1st period - Jesper Bratt is hit by Lars Eller and loses puck.
12:32 of 1st period - Shot by Nazem Kadri.
12:32 of 1st period - Stopped by John Gibson without a rebound.
12:33 of 1st period - Paul Stastny wins face-off versus Erik Haula in New Jersey Devils zone.
12:44 of 1st period - Shot by Gustav Forsling.
12:44 of 1st period - Stopped by John Gibson without a rebound.
12:45 of 1st period - Lars Eller wins face-off versus Elias Lindholm in New Jersey Devils zone.
12:55 of 1st period - Lucas Raymond is hit by Gustav Forsling and loses puck.
12:58 of 1st period - Shot by Lawson Crouse.
12:58 of 1st period - Shot Blocked by Gustav Forsling.
13:02 of 1st period - Shot by Elias Lindholm.
13:02 of 1st period - Deflect By Lawson Crouse.
13:02 of 1st period - Shot Misses the Net.
13:04 of 1st period - Shot by Elias Lindholm.
13:04 of 1st period - Stopped by Casey DeSmith without a rebound.
13:05 of 1st period - David Krejci wins face-off versus Erik Haula in Colorado Avalanche zone.
13:05 of 1st period - David Krejci is hit by Blake Coleman.
13:23 of 1st period - Icing by Ryan Pulock.
13:24 of 1st period - Nathan MacKinnon wins face-off versus Blake Coleman in New Jersey Devils zone.
14:16 of 1st period - Ryan Graves is hit by Oliver Bjorkstrand and loses puck.
14:53 of 1st period - Shot by Lucas Raymond.
14:53 of 1st period - Stopped by Casey DeSmith without a rebound.
14:54 of 1st period - David Krejci wins face-off versus Tyler Motte in Colorado Avalanche zone.
15:13 of 1st period - Off-side.
15:14 of 1st period - Lars Eller wins face-off versus Elias Lindholm in neutral zone.
16:12 of 1st period - Shot by Erik Haula.
16:12 of 1st period - Stopped by Casey DeSmith without a rebound.
16:13 of 1st period - Paul Stastny wins face-off versus Nico Hischier in Colorado Avalanche zone.
16:30 of 1st period - Shot by Jesper Bratt.
16:30 of 1st period - Shot Misses the Net.
16:32 of 1st period - Shot by Jesper Bratt.
16:32 of 1st period - Shot Blocked by Hampus Lindholm.
16:38 of 1st period - Shot by Jesper Bratt.
16:38 of 1st period - Stopped by Casey DeSmith with a rebound.
16:40 of 1st period - Shot by Carson Soucy.
16:40 of 1st period - Goal by Carson Soucy - New Jersey Devils : 1 - Colorado Avalanche : 1.
16:41 of 1st period - David Krejci wins face-off versus Tyler Motte in neutral zone.
16:53 of 1st period - David Krejci is hit by Timothy Liljegren and loses puck.
16:58 of 1st period - Shot by J.T. Compher.
16:58 of 1st period - Shot Misses the Net.
17:00 of 1st period - Shot by J.T. Compher.
17:00 of 1st period - Stopped by John Gibson without a rebound.
17:01 of 1st period - Erik Haula wins face-off versus Nathan MacKinnon in New Jersey Devils zone.
17:20 of 1st period - Shot by Erik Haula.
17:20 of 1st period - Stopped by Casey DeSmith without a rebound.
17:21 of 1st period - J.T. Compher wins face-off versus Nico Hischier in Colorado Avalanche zone.
17:30 of 1st period - Shot by David Krejci.
17:30 of 1st period - Shot Misses the Net.
18:14 of 1st period - Shot by Lawson Crouse.
18:14 of 1st period - Shot Misses the Net.
18:16 of 1st period - Shot by Carson Soucy.
18:16 of 1st period - Stopped by Casey DeSmith without a rebound.
18:17 of 1st period - Erik Haula wins face-off versus Nathan MacKinnon in Colorado Avalanche zone.
18:35 of 1st period - Shot by Nathan MacKinnon.
18:35 of 1st period - Shot Misses the Net.
18:47 of 1st period - Shot by Tim Stutzle.
18:47 of 1st period - Shot Misses the Net.
18:54 of 1st period - Icing by Kevin Bahl.
18:55 of 1st period - Andrew Copp wins face-off versus Erik Haula in New Jersey Devils zone.
19:07 of 1st period - Icing by Erik Haula.
19:08 of 1st period - Lars Eller wins face-off versus Erik Haula in New Jersey Devils zone.
19:15 of 1st period - Shot by Alex Belzile.
19:15 of 1st period - Stopped by John Gibson without a rebound.
19:16 of 1st period - Paul Stastny wins face-off versus Lawson Crouse in New Jersey Devils zone.
19:40 of 1st period - Shot by Elias Lindholm.
19:40 of 1st period - Stopped by Casey DeSmith without a rebound.
19:41 of 1st period - Nico Hischier wins face-off versus Nathan MacKinnon in Colorado Avalanche zone.
Goals for this period are 1 for New Jersey Devils vs 1 for Colorado Avalanche.
Shots for this period are 12 for New Jersey Devils vs 14 for Colorado Avalanche.

2nd period


0:01 of 2nd period - Nico Hischier wins face-off versus David Krejci in neutral zone.
0:10 of 2nd period - Shot by Oliver Bjorkstrand.
0:10 of 2nd period - Shot Blocked by Ryan Graves.
0:12 of 2nd period - Shot by Oliver Bjorkstrand.
0:12 of 2nd period - Shot Blocked by Ryan Graves.
0:14 of 2nd period - Shot by Nico Hischier.
0:14 of 2nd period - Shot Misses the Net.
0:16 of 2nd period - Shot by Carson Soucy.
0:16 of 2nd period - Stopped by Casey DeSmith without a rebound.
0:17 of 2nd period - Paul Stastny wins face-off versus Elias Lindholm in Colorado Avalanche zone.
1:06 of 2nd period - Shot by Tim Stutzle.
1:06 of 2nd period - Stopped by John Gibson without a rebound.
1:07 of 2nd period - David Krejci wins face-off versus Tyler Motte in New Jersey Devils zone.
3:34 of 2nd period - Shot by Andrew Copp.
3:34 of 2nd period - Shot Misses the Net.
3:36 of 2nd period - Shot by Nick Holden.
3:36 of 2nd period - Stopped by John Gibson with a rebound.
3:38 of 2nd period - Shot by Paul Stastny.
3:38 of 2nd period - Deflect By Eeli Tolvanen.
3:38 of 2nd period - Stopped by John Gibson without a rebound.
3:39 of 2nd period - Tyler Motte wins face-off versus David Krejci in New Jersey Devils zone.
3:47 of 2nd period - Ryan Graves is hit by Damon Severson and loses puck.
3:57 of 2nd period - Yegor Sharangovich is hit by Hampus Lindholm and loses puck.
4:46 of 2nd period - Shot by Tim Stutzle.
4:46 of 2nd period - Stopped by John Gibson without a rebound.
4:47 of 2nd period - Paul Stastny wins face-off versus Lucas Raymond in New Jersey Devils zone.
5:44 of 2nd period - Shot by Lars Eller.
5:44 of 2nd period - Stopped by John Gibson without a rebound.
5:45 of 2nd period - Nathan MacKinnon wins face-off versus Erik Haula in New Jersey Devils zone.
5:46 of 2nd period - Shot by Tim Stutzle.
5:46 of 2nd period - Goal by Tim Stutzle - New Jersey Devils : 1 - Colorado Avalanche : 2.
5:47 of 2nd period - Nathan MacKinnon wins face-off versus Jesper Bratt in neutral zone.
6:00 of 2nd period - Shot by Tim Stutzle.
6:00 of 2nd period - Stopped by John Gibson without a rebound.
6:01 of 2nd period - David Krejci wins face-off versus Erik Haula in New Jersey Devils zone.
6:08 of 2nd period - Shot by Erik Haula.
6:08 of 2nd period - Shot Misses the Net.
6:48 of 2nd period - Kyle Palmieri is hit by Nick Holden and loses puck.
6:58 of 2nd period - Icing by Ryan Pulock.
6:59 of 2nd period - Erik Haula wins face-off versus Paul Stastny in New Jersey Devils zone.
7:22 of 2nd period - Icing by Gustav Forsling.
7:23 of 2nd period - Paul Stastny wins face-off versus Nico Hischier in Colorado Avalanche zone.
7:38 of 2nd period - Shot by Andrew Copp.
7:38 of 2nd period - Goal by Andrew Copp - New Jersey Devils : 1 - Colorado Avalanche : 3.
7:39 of 2nd period - Nathan MacKinnon wins face-off versus Elias Lindholm in neutral zone.
7:57 of 2nd period - Shot by Tim Stutzle.
7:57 of 2nd period - Shot Misses the Net.
8:07 of 2nd period - Shot by Brandon Saad.
8:07 of 2nd period - Shot Misses the Net.
8:37 of 2nd period - Shot by Nazem Kadri.
8:37 of 2nd period - Stopped by John Gibson without a rebound.
8:38 of 2nd period - Lars Eller wins face-off versus Tyler Motte in New Jersey Devils zone.
8:40 of 2nd period - Alex Belzile is hit by Carson Soucy and loses puck.
8:53 of 2nd period - Icing by Owen Power.
8:54 of 2nd period - Jesper Bratt wins face-off versus Lars Eller in Colorado Avalanche zone.
9:05 of 2nd period - Shot by Nico Hischier.
9:05 of 2nd period - Stopped by Casey DeSmith without a rebound.
9:06 of 2nd period - David Krejci wins face-off versus Tyler Motte in Colorado Avalanche zone.
9:23 of 2nd period - Shot by Yegor Sharangovich.
9:23 of 2nd period - Shot Misses the Net.
9:25 of 2nd period - Shot by Tyler Motte.
9:25 of 2nd period - Deflect By Yegor Sharangovich.
9:25 of 2nd period - Stopped by Casey DeSmith without a rebound.
9:26 of 2nd period - Nico Hischier wins face-off versus Nathan MacKinnon in Colorado Avalanche zone.
9:45 of 2nd period - Icing by Owen Power.
9:46 of 2nd period - Tim Stutzle wins face-off versus Elias Lindholm in Colorado Avalanche zone.
12:50 of 2nd period - Icing by Brandon Saad.
12:51 of 2nd period - Nathan MacKinnon wins face-off versus Elias Lindholm in Colorado Avalanche zone.
13:02 of 2nd period - Shot by Tim Stutzle.
13:02 of 2nd period - Stopped by John Gibson without a rebound.
13:03 of 2nd period - Elias Lindholm wins face-off versus David Krejci in New Jersey Devils zone.
13:19 of 2nd period - Shot by J.T. Compher.
13:19 of 2nd period - Shot Blocked by Ryan Pulock.
13:31 of 2nd period - Shot by Lucas Raymond.
13:31 of 2nd period - Shot Misses the Net.
14:04 of 2nd period - Icing by Gustav Forsling.
14:05 of 2nd period - Erik Haula wins face-off versus Paul Stastny in Colorado Avalanche zone.
14:06 of 2nd period - Shot by Kyle Palmieri.
14:06 of 2nd period - Shot Misses the Net.
14:36 of 2nd period - Off-side.
14:37 of 2nd period - Jesper Bratt wins face-off versus Nathan MacKinnon in neutral zone.
14:46 of 2nd period - Shot by Nathan MacKinnon.
14:46 of 2nd period - Stopped by John Gibson without a rebound.
14:47 of 2nd period - Elias Lindholm wins face-off versus Lars Eller in New Jersey Devils zone.
14:51 of 2nd period - Off-side.
14:52 of 2nd period - Nathan MacKinnon wins face-off versus Nico Hischier in neutral zone.
15:04 of 2nd period - Oliver Bjorkstrand is hit by Hampus Lindholm and loses puck.
15:07 of 2nd period - Shot by Carson Soucy.
15:07 of 2nd period - Stopped by Casey DeSmith with a rebound.
15:09 of 2nd period - Shot by Oliver Bjorkstrand.
15:09 of 2nd period - Stopped by Casey DeSmith without a rebound.
15:10 of 2nd period - Elias Lindholm wins face-off versus David Krejci in Colorado Avalanche zone.
15:17 of 2nd period - Shot by Lawson Crouse.
15:17 of 2nd period - Stopped by Casey DeSmith without a rebound.
15:18 of 2nd period - Paul Stastny wins face-off versus Kyle Palmieri in Colorado Avalanche zone.
15:22 of 2nd period - Andrew Copp is hit by Kyle Palmieri and loses puck.
15:36 of 2nd period - Minor Penalty to Kevin Bahl for Holding.
15:37 of 2nd period - Tyler Motte wins face-off versus Nathan MacKinnon in New Jersey Devils zone.
16:55 of 2nd period - Shot by J.T. Compher.
16:55 of 2nd period - Shot Misses the Net.
17:31 of 2nd period - Shot by Hampus Lindholm.
17:31 of 2nd period - Shot Misses the Net.
17:49 of 2nd period - Shot by Alex Belzile.
17:49 of 2nd period - Deflect By Denis Malgin.
17:49 of 2nd period - Stopped by John Gibson with a rebound.
18:45 of 2nd period - Shot by Eeli Tolvanen.
18:45 of 2nd period - Deflect By Paul Stastny.
18:45 of 2nd period - Stopped by John Gibson without a rebound.
18:46 of 2nd period - Tyler Motte wins face-off versus Nathan MacKinnon in New Jersey Devils zone.
19:12 of 2nd period - Shot by Yegor Sharangovich.
19:12 of 2nd period - Stopped by Casey DeSmith without a rebound.
19:13 of 2nd period - Paul Stastny wins face-off versus Erik Haula in Colorado Avalanche zone.
19:42 of 2nd period - Shot by Erik Haula.
19:42 of 2nd period - Shot Blocked by Gustav Forsling.
Goals for this period are 0 for New Jersey Devils vs 2 for Colorado Avalanche.
Shots for this period are 7 for New Jersey Devils vs 13 for Colorado Avalanche.

3rd period


0:01 of 3rd period - Nico Hischier wins face-off versus Nathan MacKinnon in neutral zone.
1:22 of 3rd period - Shot by Yegor Sharangovich.
1:22 of 3rd period - Goal by Yegor Sharangovich - New Jersey Devils : 2 - Colorado Avalanche : 3.
1:23 of 3rd period - Kyle Palmieri wins face-off versus David Krejci in neutral zone.
1:23 of 3rd period - Kyle Palmieri is hit by J.T. Compher.
1:39 of 3rd period - Shot by Erik Haula.
1:39 of 3rd period - Stopped by Casey DeSmith without a rebound.
1:40 of 3rd period - Paul Stastny wins face-off versus Yegor Sharangovich in Colorado Avalanche zone.
1:45 of 3rd period - Shot by Tyler Motte.
1:45 of 3rd period - Shot Misses the Net.
4:08 of 3rd period - Icing by Ryan Graves.
4:09 of 3rd period - Nico Hischier wins face-off versus Nathan MacKinnon in Colorado Avalanche zone.
4:20 of 3rd period - Shot by Jesper Bratt.
4:20 of 3rd period - Shot Misses the Net.
4:24 of 3rd period - Shot by Nico Hischier.
4:24 of 3rd period - Stopped by Casey DeSmith with a rebound.
4:32 of 3rd period - Shot by Nico Hischier.
4:32 of 3rd period - Stopped by Casey DeSmith without a rebound.
4:33 of 3rd period - J.T. Compher wins face-off versus Yegor Sharangovich in Colorado Avalanche zone.
4:33 of 3rd period - J.T. Compher is hit by Miles Wood.
4:41 of 3rd period - Shot by Nazem Kadri.
4:41 of 3rd period - Stopped by John Gibson without a rebound.
4:42 of 3rd period - Elias Lindholm wins face-off versus Paul Stastny in New Jersey Devils zone.
5:04 of 3rd period - Minor Penalty to Eeli Tolvanen for Hooking.
5:04 of 3rd period - Minor Penalty to Damon Severson for Roughing.
5:05 of 3rd period - Nico Hischier wins face-off versus Nathan MacKinnon in New Jersey Devils zone.
5:10 of 3rd period - Nathan MacKinnon is hit by Jesper Bratt and loses puck.
5:31 of 3rd period - Shot by Nathan MacKinnon.
5:31 of 3rd period - Stopped by John Gibson without a rebound.
5:32 of 3rd period - Elias Lindholm wins face-off versus David Krejci in New Jersey Devils zone.
5:45 of 3rd period - Off-side.
5:46 of 3rd period - Elias Lindholm wins face-off versus Nathan MacKinnon in neutral zone.
5:51 of 3rd period - Shot by Lawson Crouse.
5:51 of 3rd period - Shot Misses the Net.
6:09 of 3rd period - Shot by Nathan MacKinnon.
6:09 of 3rd period - Shot Misses the Net.
6:11 of 3rd period - Shot by Nathan MacKinnon.
6:11 of 3rd period - Shot Misses the Net.
6:23 of 3rd period - Shot by Nathan MacKinnon.
6:23 of 3rd period - Stopped by John Gibson without a rebound.
6:24 of 3rd period - David Krejci wins face-off versus Nico Hischier in New Jersey Devils zone.
6:55 of 3rd period - Shot by David Krejci.
6:55 of 3rd period - Stopped by John Gibson without a rebound.
6:56 of 3rd period - Nathan MacKinnon wins face-off versus Elias Lindholm in New Jersey Devils zone.
6:57 of 3rd period - Shot by Tim Stutzle.
6:57 of 3rd period - Stopped by John Gibson without a rebound.
6:58 of 3rd period - Elias Lindholm wins face-off versus Nathan MacKinnon in New Jersey Devils zone.
7:13 of 3rd period - Shot by Kyle Palmieri.
7:13 of 3rd period - Stopped by Casey DeSmith with a rebound.
7:15 of 3rd period - Shot by Blake Coleman.
7:15 of 3rd period - Stopped by Casey DeSmith with a rebound.
7:17 of 3rd period - Shot by Blake Coleman.
7:17 of 3rd period - Stopped by Casey DeSmith with a rebound.
7:21 of 3rd period - Shot by Erik Haula.
7:21 of 3rd period - Stopped by Casey DeSmith without a rebound.
7:22 of 3rd period - Tyler Motte wins face-off versus Tim Stutzle in Colorado Avalanche zone.
7:30 of 3rd period - Yegor Sharangovich is hit by Gustav Forsling.
7:34 of 3rd period - Shot by Tyler Motte.
7:34 of 3rd period - Stopped by Casey DeSmith without a rebound.
7:35 of 3rd period - Nico Hischier wins face-off versus David Krejci in Colorado Avalanche zone.
7:35 of 3rd period - Nico Hischier is hit by Tyson Barrie.
7:51 of 3rd period - Carson Soucy is hit by Nazem Kadri and loses puck.
8:36 of 3rd period - Shot by Tim Stutzle.
8:36 of 3rd period - Shot Misses the Net.
9:14 of 3rd period - Shot by Eeli Tolvanen.
9:14 of 3rd period - Stopped by John Gibson without a rebound.
9:15 of 3rd period - Tyler Motte wins face-off versus Lars Eller in New Jersey Devils zone.
9:33 of 3rd period - Shot by Gustav Forsling.
9:33 of 3rd period - Shot Blocked by Yegor Sharangovich.
9:35 of 3rd period - Shot by Gustav Forsling.
9:35 of 3rd period - Stopped by John Gibson without a rebound.
9:36 of 3rd period - David Krejci wins face-off versus Erik Haula in New Jersey Devils zone.
9:58 of 3rd period - Erik Haula is hit by Nick Holden and loses puck.
10:01 of 3rd period - Shot by Erik Haula.
10:01 of 3rd period - Shot Misses the Net.
10:03 of 3rd period - Shot by Erik Haula.
10:03 of 3rd period - Shot Misses the Net.
10:05 of 3rd period - Shot by Damon Severson.
10:05 of 3rd period - Shot Blocked by Tyson Barrie.
10:31 of 3rd period - Minor Penalty to Nick Holden for Slashing.
10:32 of 3rd period - Lars Eller wins face-off versus Nico Hischier in Colorado Avalanche zone.
10:55 of 3rd period - Shot by Jesper Bratt.
10:55 of 3rd period - Stopped by Casey DeSmith without a rebound.
10:56 of 3rd period - Kyle Palmieri wins face-off versus J.T. Compher in Colorado Avalanche zone.
12:16 of 3rd period - Shot by Nathan MacKinnon.
12:16 of 3rd period - Shot Blocked by Lawson Crouse.
12:55 of 3rd period - Shot by Paul Stastny.
12:55 of 3rd period - Stopped by John Gibson without a rebound.
12:56 of 3rd period - Nico Hischier wins face-off versus Nathan MacKinnon in New Jersey Devils zone.
13:21 of 3rd period - Shot by Nathan MacKinnon.
13:21 of 3rd period - Shot Misses the Net.
13:49 of 3rd period - Shot by Lars Eller.
13:49 of 3rd period - Shot Misses the Net.
13:51 of 3rd period - Shot by Gustav Forsling.
13:51 of 3rd period - Shot Misses the Net.
13:53 of 3rd period - Shot by Gustav Forsling.
13:53 of 3rd period - Shot Blocked by Damon Severson.
13:55 of 3rd period - Shot by Gustav Forsling.
13:55 of 3rd period - Shot Misses the Net.
14:35 of 3rd period - Shot by Nazem Kadri.
14:35 of 3rd period - Goal by Nazem Kadri - New Jersey Devils : 2 - Colorado Avalanche : 4.
14:36 of 3rd period - Paul Stastny wins face-off versus Elias Lindholm in neutral zone.
14:41 of 3rd period - Shot by Paul Stastny.
14:41 of 3rd period - Stopped by John Gibson with a rebound.
14:53 of 3rd period - Shot by Lucas Raymond.
14:53 of 3rd period - Stopped by Casey DeSmith without a rebound.
14:54 of 3rd period - Tim Stutzle wins face-off versus Erik Haula in Colorado Avalanche zone.
14:59 of 3rd period - Shot by Nathan MacKinnon.
14:59 of 3rd period - Stopped by John Gibson without a rebound.
15:00 of 3rd period - David Krejci wins face-off versus Erik Haula in New Jersey Devils zone.
15:09 of 3rd period - Hampus Lindholm is hit by Kyle Palmieri and loses puck.
15:16 of 3rd period - Shot by Blake Coleman.
15:16 of 3rd period - Shot Misses the Net.
15:37 of 3rd period - Off-side.
15:38 of 3rd period - Nathan MacKinnon wins face-off versus Elias Lindholm in neutral zone.
16:38 of 3rd period - Shot by Tyler Motte.
16:38 of 3rd period - Shot Misses the Net.
17:00 of 3rd period - Shot by Blake Coleman.
17:00 of 3rd period - Stopped by Casey DeSmith without a rebound.
17:01 of 3rd period - Erik Haula wins face-off versus David Krejci in Colorado Avalanche zone.
17:08 of 3rd period - Shot by Erik Haula.
17:08 of 3rd period - Shot Blocked by Owen Power.
17:10 of 3rd period - Shot by Kevin Bahl.
17:10 of 3rd period - Stopped by Casey DeSmith without a rebound.
17:11 of 3rd period - Paul Stastny wins face-off versus Elias Lindholm in Colorado Avalanche zone.
17:22 of 3rd period - Elias Lindholm is hit by Eeli Tolvanen and loses puck.
17:26 of 3rd period - Minor Penalty to Carson Soucy for Tripping.
17:27 of 3rd period - Erik Haula wins face-off versus Nathan MacKinnon in New Jersey Devils zone.
17:58 of 3rd period - Shot by Nathan MacKinnon.
17:58 of 3rd period - Deflect By Nazem Kadri.
17:58 of 3rd period - Goal by Nazem Kadri - New Jersey Devils : 2 - Colorado Avalanche : 5.
17:59 of 3rd period - Lars Eller wins face-off versus Nico Hischier in neutral zone.
18:03 of 3rd period - Shot by Alex Belzile.
18:03 of 3rd period - Deflect By Lars Eller.
18:03 of 3rd period - Shot Blocked by Timothy Liljegren.
18:05 of 3rd period - Shot by Ryan Graves.
18:05 of 3rd period - Shot Misses the Net.
18:11 of 3rd period - Shot by Ryan Graves.
18:11 of 3rd period - Stopped by John Gibson without a rebound.
18:12 of 3rd period - David Krejci wins face-off versus Elias Lindholm in New Jersey Devils zone.
19:05 of 3rd period - Shot by Tim Stutzle.
19:05 of 3rd period - Stopped by John Gibson without a rebound.
19:06 of 3rd period - Blake Coleman wins face-off versus Lars Eller in New Jersey Devils zone.
19:27 of 3rd period - Shot by Kyle Palmieri.
19:27 of 3rd period - Shot Misses the Net.
19:29 of 3rd period - Shot by Blake Coleman.
19:29 of 3rd period - Shot Misses the Net.
19:31 of 3rd period - Shot by Kyle Palmieri.
19:31 of 3rd period - Shot Blocked by Nick Holden.
19:45 of 3rd period - Shot by Yegor Sharangovich.
19:45 of 3rd period - Shot Misses the Net.
Goals for this period are 1 for New Jersey Devils vs 2 for Colorado Avalanche.
Shots for this period are 13 for New Jersey Devils vs 14 for Colorado Avalanche.